 Dungeon Crawl Stone Soup version 0.22-a0-389-g8519d86 (webtiles) character file.

459 JeffiDaFish the Magician (level 6, -2/32 HPs)
             Began as a Deep Elf Fire Elementalist on May 1, 2018.
             Slain by a gnoll
             ... wielding a +0 spear
              (9 damage)
             ... on level 4 of the Dungeon.
             The game lasted 00:14:18 (4765 turns).

JeffiDaFish the Magician (DEFE)                     Turns: 4765, Time: 00:14:19

Health: -2/32      AC:  3    Str:  5    XL:     6   Next: 78%
Magic:  2/17       EV: 14    Int: 22    God:
Gold:   108        SH:  0    Dex: 15    Spells: 4/17 levels left

rFire    . . .     SeeInvis .   f - +1 dagger (holy)
rCold    . . .     Gourm    .   (no shield)
rNeg     . . .     Faith    .   a - +1 robe
rPois    .         Spirit   .   (no helmet)
rElec    .         Reflect  .   (no cloak)
rCorr    .         Harm     .   (no gloves)
MR       .....                  (no boots)
Stlth    ++........             (no amulet)
HPRegen  0.10/turn              (no ring)
MPRegen  0.15/turn              (no ring)

@: no status effects
A: no striking features
a: no special abilities


You were on level 4 of the Dungeon.
You were hungry.

You visited 1 branch of the dungeon, and saw 4 of its levels.

You collected 108 gold pieces.

Inventory:

Hand Weapons
 e - a +0 dagger
 f - a +1 dagger of holy wrath (weapon)
 g - a +0 short sword of speed
 j - a cursed -3 dagger
Armour
 a - a +1 robe (worn)
Scrolls
 b - a scroll of enchant armour
 h - 2 scrolls of identify
Potions
 d - a potion of curing
Comestibles
 c - 7 rations
 i - 7 chunks of flesh


   Skills:
 + Level 4.2 Dodging
 - Level 2.4 Stealth
 * Level 6.2 Spellcasting
 + Level 3.1 Conjurations
 * Level 5.5 Fire Magic


You had 4 spell levels left.
You knew the following spells:

 Your Spells              Type           Power        Failure   Level  Hunger
a - Flame Tongue          Conj/Fire      ####.        1%          1    None
b - Conjure Flame         Conj/Fire      ####....     4%          3    #......
c - Sticky Flame          Conj/Fire      ####....     16%         4    ###....
d - Fireball              Conj/Fire      ####......   38%         5    #####..


Dungeon Overview and Level Annotations

Branches:
Dungeon (4/15)
 Temple: D:4-7

Altars:
Cheibriados
Dithmenos
Elyvilon
Kikubaaqudgha
Wu Jian
Zin
The Shining One


Message History

Found a scroll of random uselessness.
Your magical contamination has completely faded away.
A hound comes into view.
The hound barks!
The hound moves out of view.
The gnoll hits you from afar with a spear.
Found a stone staircase leading up.
Casting: Flame Tongue (safe; 1% risk of failure)
Confirm with . or Enter, or press ? or * to list all spells.
Aiming: Sticky Flame (slightly dangerous; 16% risk of failure)
Press: ? - help, Shift-Dir - straight line, f - hound, p - gnoll
Aim: a hound The sticky flame hits the hound.
The hound is heavily wounded.
The hound is covered in liquid flames!
You are feeling hungry.
The hound burns!
The hound bites you.
* * * LOW HITPOINT WARNING * * *
The gnoll hits you from afar with a spear!
You die...

# . . # ## #.# .## .#
#.# .<.# .# #.## #######
.....
.###.##.#?....####......
>....##.#....gg.@h......
.##..##.......######...#
g##..####.....# .
.#..W.....W...#
......##.###### .
.#....##.# . .#.......$
. .#...###.#. .#...#
#.#.#


You could see a hound (burning) and 2 gnolls.

Vanquished Creatures
  The ghost of arthad the Poker, an amateur MfBe of Trog (D:3)
  2 orc priests (D:4)
  2 orc wizards
  5 gnolls
  7 adders
  An ooze (D:4)
  3 worms
  A dart slug (D:2)
  2 leopard geckos
  4 orcs
  11 bats
  4 giant cockroaches
  9 goblins
  11 hobgoblins
  7 jackals (D:4)
  A quokka (D:4)
  A ball python (D:2)
  4 frilled lizards
  2 jackal skeletons (D:4)
  3 kobolds
  10 rats
91 creatures vanquished.

Notes
Turn   | Place    | Note
-------+----------+-------------------------------------------
     0 | D:1      | JeffiDaFish the Deep Elf Fire Elementalist began the quest for the Orb.
     0 | D:1      | Reached XP level 1. HP: 10/10 MP: 6/6
   204 | D:1      | Reached XP level 2. HP: 7/15 MP: 1/8
  1063 | D:1      | Reached XP level 3. HP: 19/19 MP: 2/10
  1526 | D:2      | Found a glowing silver altar of Zin.
  1527 | D:2      | Found a white marble altar of Elyvilon.
  1528 | D:2      | Found a glowing golden altar of the Shining One.
  1538 | D:2      | Reached skill level 4 in Spellcasting
  1546 | D:2      | Reached XP level 4. HP: 16/24 MP: 1/12
  1968 | D:2      | Found a snail-covered altar of Cheibriados.
  2100 | D:2      | Learned a level 3 spell: Conjure Flame
  2105 | D:2      | Learned a level 4 spell: Sticky Flame
  2526 | D:2      | Found a shadowy altar of Dithmenos.
  2807 | D:2      | Found an ornate altar of the Wu Jian Council.
  2898 | D:3      | Reached XP level 5. HP: 28/28 MP: 4/14
  2905 | D:3      | Found an ancient bone altar of Kikubaaqudgha.
  3308 | D:3      | Noticed arthad's ghost (amateur MfBe)
  3340 | D:3      | Killed arthad's ghost
  3340 | D:3      | Reached skill level 5 in Spellcasting
  3340 | D:3      | Reached skill level 5 in Fire Magic
  3340 | D:3      | Reached XP level 6. HP: 32/32 MP: 0/16
  3532 | D:3      | Learned a level 5 spell: Fireball
  4520 | D:4      | Reached skill level 6 in Spellcasting
  4765 | D:4      | Slain by a gnoll

Vault maps used:
D:1:      dpeg_arrival_rhombus
D:2:      good_gods_temple_1, lemuel_coloured_pillars_altar,
          cheibriados_altar_1, first_ration, minmay_tree_intersection,
          grunt_ministairs_13, kennysheep_crisscross,
          grunt_dithmenos_smoke_and_mirrors
D:3:      overflow_temple_1_default

Skill      XL: |  1  2  3  4  5  6 |
---------------+-------------------+-----
Dodging        | 3 4 |  4.2
Spellcasting   | 4 5 6 |  6.2
Fire Magic     | 4 5 |  5.5
Conjurations   | 2 3 |  3.1
Stealth        | |  2.4

Action                   |  1- 3 |  4- 6 || total
-------------------------+-------+-------++-------
Melee: Dagger            |       |    38 ||    38
 Cast: Flame Tongue      |    60 |   110 ||   170
       Sticky Flame      |       |     7 ||     7
       Conjure Flame     |       |     5 ||     5
       Fireball          |       |     1 ||     1
  Use: Scroll            |     3 |     3 ||     6
       Potion            |     2 |     2 ||     4
  Eat: Chunk             |     1 |    12 ||    13
Armor: Robe              |     4 |    11 ||    15
Dodge: Dodged            |    15 |    57 ||    72

Table legend:
 A = Spawn XP
 B = Non-spawn XP
 C = Spawn XP percentage of total XP
 D = Spawn monster count
 E = Non-spawn monster count
 F = Spawn count percentage of total count
 G = Total turns spent on level
                    A         B        C        D         E        F      G
               +---------+---------+-------+---------+---------+-------+---------
         Total |       0 |     657 |   0.0 |       0 |      91 |   0.0 |  4765
               +---------+---------+-------+---------+---------+-------+---------
           D:1 |       0 |      41 |   0.0 |       0 |      25 |   0.0 |  1426
           D:2 |       0 |     122 |   0.0 |       0 |      27 |   0.0 |  1400
           D:3 |       0 |     298 |   0.0 |       0 |      19 |   0.0 |  1370
           D:4 |       0 |     196 |   0.0 |       0 |      20 |   0.0 |   569
               +---------+---------+-------+---------+---------+-------+---------
